AoeStats
← [Marty]TheEY

Pilgrims

509575637Analyzed
4v4 RM · 6d ago on Sep 27, 2026· 45m 5s· 8 players
Game mode
Random Map
Map size
Large (8 player)
Population
200
Speed
Normal
Resources
Standard
Victory
Conquest
Starting age
Dark Age
Ending age
Imperial Age
RankedLock teamsTeams togetherTeam positionsShared explorationLock speedFull tech treeHidden civsTurbo modeCheats
Victory
Defeat
🇫🇷 Vietnamese · France
1550
+21
🇩🇪 Malians · Germany
1546
+22
🇫🇷 Vikings · France
1543
+22
🇮🇳 Wu · India
1513
+23
🇭🇰 Huns · Hong Kong SAR China
1738
-24
🇭🇰 Hindustanis · Hong Kong SAR China
1735
-25
🇭🇰 Varangians · Hong Kong SAR China
1629
-20
🇭🇰 Gurjaras · Hong Kong SAR China
1590
-19
23
5:12 Loom
10:48 Feudal Age
14:54 Castle Age
12:52 Double-Bit Axe
13:53 Fletching
14:57 Fishing Lines
16:00 Medium Warships
15:48 Gold Mining
16:00 Bodkin Arrow
16:34 Bow Saw
19:17 Town Watch
20:24 Ballistics
21:39 Stone Mining
22:51 Wheelbarrow
23:17 Gillnets
29:25 Imperial Age
28:09 Horse Collar
30:07 Bracer
31:08 Chemistry
30:23 Padded Archer Armor
31:08 Conscription
31:21 Hand Cart
31:44 Leather Archer Armor
32:27 Red Cliffs Tactics
33:26 Stone Shaft Mining
32:40 Elite Skirmisher
33:12 Elite Fire Archer
35:33 Scale Mail Armor
35:44 Forging
36:12 Squires
35:34 Pikeman
36:57 Chain Mail Armor
36:46 Halberdier
38:40 Plate Mail Armor
41:06 Iron Casting
41:51 Sitting Tiger
44:34 Blast Furnace
Ritter Karin
4:44 Loom
10:03 Feudal Age
10:50 Double-Bit Axe
10:51 Fishing Lines
12:29 Gold Mining
17:53 Castle Age
19:00 Bow Saw
19:39 Medium Warships
20:26 Wheelbarrow
20:03 Gillnets
21:58 Gold Shaft Mining
26:49 Horse Collar
28:15 Fletching
29:35 Ballistics
32:13 Heavy Plow
33:29 Fortified Wall
33:56 Stone Mining
33:54 Town Watch
33:49 Man-at-Arms
35:21 Hand Cart
39:40 Imperial Age
37:44 Scale Mail Armor
37:46 Squires
38:30 Scale Barding Armor
39:24 Bloodlines
39:14 Husbandry
39:41 Chain Barding Armor
39:55 Forging
39:51 Heavy Camel Rider
41:08 Plate Barding Armor
41:16 Tigui
42:13 Iron Casting
42:17 Farimba
43:22 Chain Mail Armor
42:48 Long Swordsman
43:37 Two-Handed Swordsman
44:03 Arson
44:25 Champion
RoRo_FleXx
7:45 Loom
10:00 Feudal Age
10:30 Double-Bit Axe
11:52 Fletching
20:43 Castle Age
18:48 Fishing Lines
19:18 Gold Mining
21:39 Medium Warships
21:26 Bodkin Arrow
24:19 Bow Saw
24:01 Stone Mining
24:36 Careening
25:34 Horse Collar
27:36 Wheelbarrow
26:49 Town Watch
27:56 Clinker Construction
32:56 Imperial Age
30:36 Gillnets
30:57 Padded Archer Armor
31:21 Ballistics
32:47 Heavy Plow
33:54 Bracer
34:25 Heavy Warships
35:05 Dry Dock
37:50 Carvel Hull
39:20 Leather Archer Armor
41:12 Two-Man Saw
41:28 Chemistry
41:33 Ring Archer Armor
42:12 Stone Shaft Mining
42:31 Forging
42:21 Scale Mail Armor
42:45 Squires
42:31 Arson
44:30 Paper Money
44:57 Iron Casting
44:37 Chain Mail Armor
Cugel
10:25 Feudal Age
9:40 Loom
11:14 Double-Bit Axe
17:17 Castle Age
15:53 Scale Mail Armor
17:50 Stone Mining
18:12 Bow Saw
25:39 Squires
26:26 Forging
29:18 Chain Mail Armor
30:21 Horse Collar
38:23 Imperial Age
36:48 Heavy Plow
38:15 Iron Casting
37:39 Gold Mining
38:12 Fletching
39:50 Plate Mail Armor
41:40 Capped Ram
42:14 Town Watch
42:29 Guard Tower
43:59 Blast Furnace
44:45 Crop Rotation
44:15 Elite Varangian Guard
45:24 Heated Shot
_luN
8:46 Loom
10:53 Feudal Age
12:56 Double-Bit Axe
15:14 Castle Age
12:57 Horse Collar
13:01 Fishing Lines
16:16 Medium Warships
17:29 Scale Barding Armor
18:34 Bow Saw
22:53 Forging
26:21 Fletching
26:30 Gold Mining
27:14 Bodkin Arrow
31:31 Ballistics
36:56 Wheelbarrow
40:02 Imperial Age
38:09 Padded Archer Armor
39:07 Chain Barding Armor
39:44 Iron Casting
39:22 Bloodlines
39:13 Husbandry
42:05 Blast Furnace
42:15 Conscription
41:49 Stone Mining
43:00 Two-Man Saw
41:41 Horse Collar
42:22 Elite Jarl
45:37 Plate Barding Armor
MJAI
11:52 Feudal Age
12:20 Double-Bit Axe
20:59 Castle Age
21:38 Forging
23:22 Medium Warships
25:47 Loom
28:16 Clinker Construction
35:57 Horse Collar
37:29 Iron Casting
37:00 Scale Mail Armor
40:35 Wheelbarrow
42:26 Hand Cart
[Marty]TheEY
11:35 Feudal Age
11:52 Loom
12:16 Town Watch
15:07 Castle Age
13:24 Double-Bit Axe
13:25 Fishing Lines
13:50 Fishing Lines
14:56 Gold Mining
17:31 Bow Saw
20:03 Redemption
25:10 Sanctity
30:54 Horse Collar
37:40 Imperial Age
39:30 Town Patrol
41:30 Chemistry
LamarcusLawliet
11:57 Feudal Age
11:20 Loom
12:39 Double-Bit Axe
17:31 Castle Age
15:43 Gold Mining
17:06 Forging
16:38 Fishing Lines
17:19 Stone Mining
18:40 Medium Warships
19:05 Bow Saw
20:32 Wheelbarrow
22:40 Clinker Construction
23:24 Fletching
24:39 Ballistics
27:22 Town Watch
28:38 Bodkin Arrow
28:50 Horse Collar
30:45 Hand Cart
32:38 Padded Archer Armor
32:58 Heavy Plow
35:42 Imperial Age
34:41 Scale Barding Armor
35:12 Iron Casting
35:09 Leather Archer Armor
36:36 Gold Shaft Mining
36:19 Bloodlines
36:09 Husbandry
36:21 Masonry
36:43 Chain Barding Armor
36:48 Conscription
37:25 Iron Casting
36:29 Elite Tarkan
38:11 Plate Barding Armor
39:35 Iron Casting
41:12 Thumb Ring
40:56 Elite Skirmisher
41:38 Bracer
42:18 Leather Archer Armor
43:35 Blast Furnace
44:07 Chemistry
43:49 Parthian Tactics
44:23 Squires
43:44 Pikeman
Connection lost

Rejoining the realm…

Still unreachable

The connection could not be restored.

Session expired

The server has moved on; the page needs a fresh start.